 Dungeon Crawl Stone Soup version 0.18-a0-1267-gff090c1 (webtiles) character file.

583 namelastname112 the Shooter (level 7, 60/60 HPs)
             Began as a Yellow Draconian Hunter on Feb 7, 2016.
             Quit the game on level 4 of the Dungeon.
             The game lasted 00:04:59 (4110 turns).

namelastname112 the Shooter (DrHu)                  Turns: 4110, Time: 00:04:59

Health: 60/60      AC: 12    Str: 14    XL:     7   Next: 14%
Magic:  7/7        EV: 14    Int: 11    God:
Gold:   207        SH:  0    Dex: 14    Spells: 0 memorised, 6 levels left

rFire  . . .     SeeInvis .     a - +1 shortbow
rCold  . . .     Gourm    .     (armour unavailable)
rNeg   . . .     Faith    .     (shield currently unavailable)
rPois  +         Spirit   .     (helmet restricted)
rElec  .         Dismiss  .     (no cloak)
rCorr  +         Reflect  .     (no gloves)
SustAt .         Harm     .     l - +0 pair of boots
MR     .....                    (no amulet)
Stlth  ++........               t - ring of poison resistance
                                m - +5 ring of protection

@: not resistant to hostile enchantments, unstealthy
A: spit acid, acid resistance, unfitting armour, cold-blooded, AC +6
a: Spit Acid


You were on level 4 of the Dungeon.
You were not hungry.

You visited 1 branch of the dungeon, and saw 4 of its levels.

You collected 207 gold pieces.

Inventory:

Hand Weapons
 a - a +1 shortbow (weapon)
 b - a +0 short sword
Missiles
 c - 25 arrows (quivered)
Armour
 l - a +0 pair of boots (worn)
Jewellery
 m - a +5 ring of protection (left hand)
 t - a ring of poison resistance (right hand)
Scrolls
 e - a scroll of identify {unknown}
 f - a scroll of remove curse {unknown}
 h - 2 scrolls of enchant armour {unknown}
 k - a scroll of magic mapping {unknown}
 n - a scroll of fog {unknown}
 p - a scroll of immolation {unknown}
 r - 2 scrolls of enchant weapon {unknown}
 s - 2 scrolls of noise {unknown}
Potions
 g - a potion of agility {unknown}
 i - 2 potions of cancellation {unknown}
 o - 2 potions of might {unknown}
 u - 2 potions of curing {unknown}
 v - a potion of heal wounds {unknown}
Comestibles
 d - 3 bread rations
 j - a meat ration
 q - 7 fruits


   Skills:
 + Level 4.8 Fighting
 * Level 6.0 Bows
 + Level 3.9 Dodging
 - Level 0.8 Stealth


You had 6 spell levels left.
You didn't know any spells.

Dungeon Overview and Level Annotations

Branches:
Dungeon (4/15)
 Temple: D:4-7

Altars:
Elyvilon
Sif Muna
Vehumet
Yredelemnul


Innate Abilities, Weirdness & Mutations

You can spit globs of acid.
You are resistant to acid.
Your golden yellow scales are hard (AC +6).
Your body does not fit into most forms of armour.
You are cold-blooded and may be slowed by cold attacks.


Message History

w - 6 chunks of flesh
Things that are here:
a giant club; an ogre skeleton Eat one of 6 chunks of flesh? (ye/n/q/i?) This raw flesh tastes terrible.
You continue eating. x2
c - 22 arrows (gained 2)
c - 24 arrows (gained 2)
c - 25 arrows (gained 1) All of the chunks of flesh in your inventory have rotted away.
Found a glowing dagger.
Found a deep blue altar of Sif Muna.
You see here a glowing dagger.
w - a glowing dagger Wield which item (- for none, * to show all)? (? for menu, Esc to quit)
This weapon is vampiric, and you must be Full or above to equip it.
w - a vampiric dagger Drop what? 23/52 slots (_ for help) (? for menu, Esc to quit)
You drop a vampiric dagger.
Are you sure you want to abandon this character and quit the game? (Confirm with "yes".)

..# # #<## #... ##.. # #... ##
####################. .#
#.................... .#####
#..#...#...#...#...#. ##...#
#####_..@................ ....##
#...#..#...#...#...#...#. ...##
#...#.................... ...#
###...####################.
...####............#..........###
...>...###....>...#....######.# #
..##..## ##..........#.# #.#
.###..# ##........##.######.#
.###..## ##...#..###.........###


There were no monsters in sight!

Vanquished Creatures
  2 ogres (D:4)
  2 hounds (D:4)
  5 orc wizards
  A giant frog skeleton (D:4)
  Ijyb (D:2)
  7 adders
  2 oozes (D:2)
  2 worms (D:3)
  2 giant geckos
  7 orcs
  6 giant cockroaches
  10 goblins
  9 hobgoblins
  14 jackals
  2 quokkas
  3 bats
  4 giant newts
  4 kobolds
  8 rats
91 creatures vanquished.

Notes
Turn   | Place    | Note
--------------------------------------------------------------
     0 | D:1      | namelastname112 the Draconian Hunter began the quest for the Orb.
     0 | D:1      | Reached XP level 1. HP: 17/17 MP: 1/1
   172 | D:1      | Reached XP level 2. HP: 13/25 MP: 2/2
   630 | D:1      | Reached skill level 4 in Bows
   852 | D:2      | Reached XP level 3. HP: 21/30 MP: 3/3
  1161 | D:2      | Found a white marble altar of Elyvilon.
  1210 | D:2      | Noticed Ijyb
  1252 | D:2      | Killed Ijyb
  1252 | D:2      | Reached XP level 4. HP: 11/38 MP: 4/4
  1725 | D:2      | Found a basalt altar of Yredelemnul.
  1800 | D:3      | Found a radiant altar of Vehumet.
  2134 | D:3      | Reached XP level 5. HP: 17/45 MP: 5/5
  2709 | D:4      | Reached skill level 5 in Bows
  2957 | D:4      | Noticed an ogre
  2964 | D:4      | Killed an ogre
  2964 | D:4      | Reached XP level 6. HP: 24/52 MP: 6/6
  3867 | D:4      | Reached skill level 6 in Bows
  3867 | D:4      | Reached XP level 7. HP: 22/60 MP: 7/7
  3867 | D:4      | Your scales start taking on a golden yellow colour.
  4103 | D:4      | Found a deep blue altar of Sif Muna.
  4110 | D:4      | Quit the game

Vault maps used:
D:1:      lemuel_arrival_cross, minmay_misc_feat_ornament
D:2:      kennysheep_ying_yang, uniq_iyjb
D:3:      nicolae_overflow_hidden_temple, first_bread
D:4:      lemuel_coloured_pillars_altar

Action                   |  1- 3 |  4- 6 |  7- 9 || total
-------------------------+-------+-------+-------++-------
Melee: Short sword       |   132 |   290 |       ||   422
 Fire: Shortbow          |    18 |    60 |       ||    78
  Eat: Chunk             |     1 |     9 |     1 ||    11
